 Dungeon Crawl Stone Soup version 0.31-a0-1591-g515db51633 (webtiles) character file.

Game seed: 9249736096507993297

13284 Lobster4 the Geomancer (level 12, -5/64 HPs)
             Began as a Gargoyle Earth Elementalist on Jan 6, 2024.
             Was a Priest of Sif Muna.
             Incinerated by a deep elf pyromancer (12 damage)
             ... with a pyre arrow
             ... on level 12 of the Dungeon.
             The game lasted 00:31:58 (13982 turns).

Lobster4 the Geomancer (GrEE)                      Turns: 13982, Time: 00:31:59

Health: -5/64      AC: 18    Str: 13    XL:     12   Next: 4%
Magic:  7/22       EV: 12    Int: 20    God:    Sif Muna [***...]
Gold:   842        SH:  0    Dex: 10    Spells: 9/25 levels left

rFire   . . .        s - +1 rapier
rCold   . . .        H - orb {light}
rNeg    + . .        r - +0 acid dragon scales
rPois   ∞            (no helmet)
rElec   +            o - +0 cloak
rCorr   +            J - +0 pair of gloves
SInv    .            (no boots)
Will    .....        y - amulet of regeneration
Stlth   +            E - ring of wizardry
HPRegen 1.10/turn    (no ring)
MPRegen 0.18/turn

%: wizardry (x1)
@: on fire, glowing
A: sickness immunity, AC +8, negative energy resistance 1, electricity
resistance, torment resistance 1, petrification resistance
a: Renounce Religion, Channel Magic, Forget Spell


You were on level 12 of the Dungeon.
You worshipped Sif Muna.
Sif Muna was most pleased with you.
You visited 1 branch of the dungeon, and saw 12 of its levels.

You collected 842 gold pieces.

Inventory:

Hand Weapons
 i - a +0 whip of draining
 j - a +0 flail of protection
 s - a +1 rapier (weapon)
 v - a +2 double sword
 x - a +0 orcbow
 B - a +3 glaive of venom
 C - a +0 dagger of draining
 F - a +5 short sword
 G - a +2 dagger of protection
 O - a +1 dagger of venom
Missiles
 d - 5 silver javelins
 f - 36 poisoned darts (quivered)
 u - 2 throwing nets
 A - 9 boomerangs
 N - a curare-tipped dart
Armour
 o - a +0 cloak (worn)
 r - +0 acid dragon scales (worn)
 H - an orb of light (worn)
 J - a +0 pair of gloves (worn)
Jewellery
 y - an amulet of regeneration (around neck)
 E - a ring of wizardry (left hand)
Scrolls
 c - 4 scrolls of noise
 e - 2 scrolls of enchant weapon
 p - 2 scrolls of amnesia
 D - a scroll of acquirement
 K - a scroll of immolation
 M - 2 scrolls of poison {unknown}
 P - 2 scrolls of fear
 Q - a scroll of torment {unknown}
 S - a scroll of enchant armour {unknown}
Potions
 b - a potion of magic
 h - a potion of lignification
 k - 2 potions of cancellation {unknown}
 l - 3 potions of curing
 m - 3 potions of attraction
 n - 3 potions of haste {unknown}
 q - 2 potions of heal wounds {unknown}
 t - 3 potions of enlightenment {unknown}
 w - 3 potions of berserk rage
 z - a potion of might


   Skills:
 - Level 3.0 Fighting
 - Level 3.0(3.3) Maces & Flails
 - Level 2.2(3.0) Staves
 - Level 1.0 Throwing
 + Level 4.9 Armour
 - Level 4.0 Dodging
 - Level 3.0 Stealth
 + Level 7.3 Spellcasting
 + Level 8.7 Conjurations
 + Level 2.3 Necromancy
 * Level 13.3 Earth Magic
 - Level 6.0 Invocations
 - Level 3.0 Evocations


You had 9 spell levels left.
You knew the following spells:

 Your Spells              Type           Power      Damage    Failure   Level
a - Sandblast             Erth           100%       2d20      1%          1
b - Stone Arrow           Conj/Erth      100%       3d13      1%          3
c - Brom's Barrelling Bo  Conj/Erth      51%        2d7       1%          4
d - Borgnjor's Vile Clut  Necr/Erth      19%        N/A       6%          5
p - Passwall              Erth           57%        N/A       1%          3

Your spell library contained the following spells:

 Spells                   Type           Power      Damage    Failure   Level
 Necrotise                Necr           64%        1d7       1%          1
 Dazzling Flash           Conj/Hex       48%        N/A       2%          3
 Petrify                  Alch/Erth      34%        N/A       3%          4
 Call Canine Familiar     Summ           7%         N/A       16%         3
 Sigil of Binding         Hex            7%         N/A       16%         3
 Volatile Blastmotes      Fire/Tloc      14%        2d11      16%         3
 Animate Dead             Necr           16%        N/A       19%         4
 Dimensional Bullseye     Hex/Tloc       3%         N/A       45%         4
 Starburst                Conj/Fire      12%        6d5       75%         6
 Haunt                    Necr/Summ      6%         N/A       100%        7
 Borgnjor's Revivificati  Necr           8%         N/A       100%        8
 Maxwell's Capacitive Co  Air            3%         ∞         100%        8
 Death's Door             Necr           8%         N/A       100%        9
 Cigotuvi's Dreadful Rot  Necr/Alch/Air  Unusable   N/A       N/A         2

Dungeon Overview and Level Annotations

Branches:
Dungeon (12/15)            Temple (0/1) D:7            Lair (0/5) D:8
    Orc (0/2) D:9

Altars:
Gozag
Nemelex Xobeh
Sif Muna
Uskayaw
Vehumet
Wu Jian
Xom
Yredelemnul

Annotations:
D:1 1 transporter
D:6 exclusion: troll
D:10 1 exclusion


Innate Abilities, Weirdness & Mutations

You are immune to sickness and miasma.
Your stone body is resilient. (AC +8)
You are immune to poison.
You resist negative energy. (rN+)
You are resistant to electric shocks. (rElec)
You are resistant to unholy torment.
You are immune to petrification.


Message History

Confirm with . or Enter, or press ? or * to list all spells.
Aiming: Stone Arrow (safe; 1% risk of failure)
Press: ? - help, Shift-Dir - straight line, f/p - deep elf pyromancer
Aim: a deep elf pyromancer, wielding a +0 long sword and wearing a +0 ring mail (heavily wounded, 72% to hit)
The stone arrow hits the fire elemental.
The fire elemental is lightly damaged.
The deep elf pyromancer points at you and mumbles some strange words.
The bolt of fire hits the fire elemental.
The fire elemental completely resists.
The bolt of fire hits you!!
Ouch! That really hurt!
The fire elemental hits you. The fire elemental burns you!
Casting: Stone Arrow (safe; 1% risk of failure)
Confirm with . or Enter, or press ? or * to list all spells.
Aiming: Stone Arrow (safe; 1% risk of failure)
Press: ? - help, Shift-Dir - straight line, f/p - deep elf pyromancer
Aim: a deep elf pyromancer, wielding a +0 long sword and wearing a +0 ring mail (heavily wounded, haloed, 80% to hit)
The stone arrow hits the deep elf pyromancer!
The deep elf pyromancer is severely wounded.
The fire elemental hits you. The fire elemental burns you!
* * * LOW HITPOINT WARNING * * *
The deep elf pyromancer points at you and mumbles some strange words.
The pyre arrow hits you.
You are covered in intense liquid fire!
Casting: Stone Arrow (safe; 1% risk of failure)
Confirm with . or Enter, or press ? or * to list all spells.
Aiming: Stone Arrow (safe; 1% risk of failure)
Press: ? - help, Shift-Dir - straight line, f/p - deep elf pyromancer
Aim: a deep elf pyromancer, wielding a +0 long sword and wearing a +0 ring mail (severely wounded, haloed, 80% to hit)
The stone arrow hits the deep elf pyromancer!
You kill the deep elf pyromancer!
Sif Muna accepts your kill.
The fire elemental disappears in a puff of smoke! x2
The liquid fire burns you!
* * * LOW HITPOINT WARNING * * *
You feel better. The liquid fire burns you!
* * * LOW HITPOINT WARNING * * *
You shake off some of the fire as you move.
The liquid fire burns you!
You die...

####################
##................<<<
##....................
##.....................
##......................
##......................[
##.......@................
*#.....................[...
**..........................
**,..........................
**,,........).................
**,,,......○...................
**,,,,..........................
**,,,,,..........................
*,,,,,,..........................


There were no monsters in sight!

Vanquished Creatures
  A hydra (D:8)
  5 two-headed ogres
  A boulder beetle (D:12)
  Urug (D:12)
  A deep elf pyromancer (D:12)
  A cyclops (D:11)
  A gargoyle (D:11)
  A kobold demonologist (D:11)
  An unseen horror (D:11)
  A komodo dragon (D:11)
  2 trolls
  A hornet (D:8)
  4 slime creatures
  A shadow (D:11)
  3 wyverns (D:8)
  5 yaks
  A wraith (D:11)
  2 vampire mosquitoes (D:11)
  3 acid dragons
  3 orc warriors
  A black bear (D:6)
  2 ice beasts (D:6)
  A sky beast (D:6)
  2 ogres
  3 phantoms
  5 kobold brigands
  A gnoll sergeant (D:10)
  2 scorpions
  10 killer bees (D:9)
  An electric eel (D:10)
  A howler monkey (D:9)
  5 bombardier beetles
  2 hounds
  6 orc priests
  2 gnoll boudas
  Jessica (D:3)
  7 iguanas
  A sleepcap (D:5)
  15 orc wizards
  16 gnolls
  6 adders
  2 shadow imps
  A white imp (D:6)
  2 ufetubi (D:6)
  3 ribbon worms
  40 orcs
  4 bats
  7 endoplasms
  2 giant cockroaches
  8 goblins
  5 hobgoblins
  5 jackals
  5 quokkas
  7 ball pythons
  2 frilled lizards (D:2)
  25 kobolds
  11 rats
258 creatures vanquished.

Vanquished Creatures (collateral kills)
  2 boulders (D:12)
2 creatures vanquished.

Vanquished Creatures (others)
  2 boulders (D:6)
2 creatures vanquished.

Grand Total: 262 creatures vanquished

Notes
Turn   | Place    | Note
-------+----------+-------------------------------------------
     0 | D:1      | Lobster4 the Gargoyle Earth Elementalist began the quest
                  | for the Orb.
     0 | D:1      | Reached XP level 1. HP: 10/10 MP: 3/3
   262 | D:1      | Reached XP level 2. HP: 15/15 MP: 3/5
   911 | D:1      | Reached skill level 4 in Earth Magic
  1328 | D:2      | Reached XP level 3. HP: 20/20 MP: 1/6
  1508 | D:2      | Found a faded altar of an unknown god.
  1605 | D:2      | Reached skill level 1 in Fighting
  2233 | D:3      | Learned a level 3 spell: Stone Arrow
  2256 | D:3      | Reached skill level 1 in Armour
  2256 | D:3      | Reached XP level 4. HP: 25/25 MP: 5/7
  2506 | D:3      | Found an opulent altar of Gozag.
  2506 | D:3      | Found a sparkling altar of Nemelex Xobeh.
  2901 | D:3      | Noticed Jessica
  2905 | D:3      | Killed Jessica
  2906 | D:3      | Reached XP level 5. HP: 30/30 MP: 6/8
  2929 | D:3      | Found a shimmering blue altar of Sif Muna.
  3017 | D:3      | Became a worshipper of Sif Muna the Loreminder
  3231 | D:4      | Reached skill level 5 in Earth Magic
  3231 | D:4      | Reached skill level 1 in Evocations
  3231 | D:4      | Reached XP level 6. HP: 8/35 MP: 3/9
  3455 | D:4      | Reached skill level 1 in Invocations
  4028 | D:5      | Entered Level 5 of the Dungeon
  4626 | D:5      | Reached XP level 7. HP: 40/40 MP: 9/11
  4711 | D:5      | Reached skill level 1 in Throwing
  4777 | D:5      | Learned a level 3 spell: Passwall
  4860 | D:4      | Found a hide-covered altar of Uskayaw.
  4860 | D:4      | Found a radiant altar of Vehumet.
  5251 | D:5      | Reached skill level 6 in Earth Magic
  5356 | D:5      | Identified the +6 chain mail of Caent {*Corrode rElec rPois
                  | rC+ Dex+4}
  5403 | D:5      | Reached XP level 8. HP: 45/46 MP: 7/13
  5728 | D:6      | Reached skill level 7 in Earth Magic
  5858 | D:6      | Reached * piety under Sif Muna
  6060 | D:6      | Reached skill level 1 in Maces & Flails
  6132 | D:6      | Learned a level 4 spell: Brom's Barrelling Boulder
  6478 | D:6      | Found a shimmering altar of Xom.
  6478 | D:6      | Found a basalt altar of Yredelemnul.
  6668 | D:6      | Reached skill level 8 in Earth Magic
  6787 | D:6      | Noticed a troll
  6886 | D:7      | Reached XP level 9. HP: 50/50 MP: 11/15
  7428 | D:7      | Found an ornate altar of the Wu Jian Council.
  7561 | D:7      | Found a staircase to the Ecumenical Temple.
  7735 | D:8      | Reached skill level 5 in Conjurations
  7967 | D:8      | Noticed an eight-headed hydra
  7971 | D:8      | HP: 2/50 [eight-headed hydra (2)]
  8006 | D:8      | Killed an eight-headed hydra
  8007 | D:8      | Reached skill level 9 in Earth Magic
  8133 | D:8      | Identified a scroll of acquirement
  8146 | D:8      | Found a staircase to the Lair.
  8192 | D:8      | Reached skill level 5 in Spellcasting
  8258 | D:8      | Reached ** piety under Sif Muna
  8481 | D:8      | Reached skill level 5 in Invocations
  8886 | D:8      | Reached skill level 10 in Earth Magic
  8886 | D:8      | Reached XP level 10. HP: 56/56 MP: 7/17
  9546 | D:9      | Noticed a two-headed ogre
  9553 | D:9      | Killed a two-headed ogre
  9554 | D:9      | Reached skill level 1 in Staves
  9988 | D:9      | Got the Compilation of Last Rites
 10004 | D:9      | Reached *** piety under Sif Muna
 10234 | D:9      | Found a staircase to the Orcish Mines.
 10914 | D:10     | Entered Level 10 of the Dungeon
 10960 | D:10     | Noticed a two-headed ogre
 10967 | D:10     | Killed a two-headed ogre
 10968 | D:10     | Reached skill level 11 in Earth Magic
 11332 | D:10     | Noticed a two-headed ogre
 11346 | D:10     | Killed a two-headed ogre
 11347 | D:10     | Reached XP level 11. HP: 52/60 MP: 2/20
 11878 | D:10     | Reached skill level 12 in Earth Magic
 12106 | D:10     | Noticed a two-headed ogre
 12115 | D:10     | Killed a two-headed ogre
 12403 | D:11     | Learned a level 5 spell: Borgnjor's Vile Clutch
 12410 | D:11     | Noticed a two-headed ogre
 12859 | D:11     | Noticed a cyclops
 12873 | D:11     | Killed a cyclops
 12953 | D:11     | Killed a two-headed ogre
 12954 | D:11     | Reached skill level 1 in Necromancy
 13510 | D:12     | Noticed Urug
 13527 | D:12     | Killed Urug
 13592 | D:12     | Noticed a boulder beetle
 13611 | D:12     | Killed a boulder beetle
 13612 | D:12     | Reached skill level 13 in Earth Magic
 13943 | D:12     | Reached XP level 12. HP: 60/64 MP: 12/22
 13982 | D:12     | Incinerated by a deep elf pyromancer

Illustrated notes

Levels and vault maps discovered:
D:1:      spicycebolla_arrival_risky_transporter, layout_basic, minivault_24,
          chequers_garden, minmay_misc_feat_pillars, kennysheep_pointless_box,
          minmay_rat_gold_closets
D:2:      layout_basic, basic_ecumenical_altar
D:3:      layout_rooms, grunt_temple_overflow_opulence, tgw_sif
D:4:      layout_basic, nicolae_overflow_hidden_temple
D:5:      minmay_octagon_keep, layout_basic
D:6:      layout_cave_pods, minitemple, minmay_ogre_servants
D:7:      layout_loops_cross, marbit_many_paths, minmay_temple_entry_offerings,
          chequers_arboretum
D:8:      layout_basic, lair_entry_dummy
D:9:      layout_layer_cave
D:10:     layout_irregular_city, nicolae_lava_and_water, item_on_display_a
D:11:     layout_rooms
D:12:     layout_big_octagon, gauntlet_entry_generic, gammafunk_ghost_spectres,
          uniq_jorgrun, uniq_urug, uniq_azrael

Skill      XL: |  1  2  3  4  5  6  7  8  9 10 11 |
---------------+----------------------------------+-----
Earth Magic    | 4 5 6 8 10 11 13 | 13.3
Dodging        | 2 4 |  4.0
Fighting       | 1 2 3 |  3.0
Armour         | 1 2 4 |  4.9
Conjurations   | 2 3 4 6 7 8 |  8.7
Stealth        | 3 |  3.0
Evocations     | 1 2 3 |  3.0
Invocations    | 1 2 3 5 6 |  6.0
Throwing       | 1 |  1.0
Spellcasting   | 3 4 5 6 7 |  7.3
Maces & Flails | 1 3 |  3.0
Staves         | 2 |  2.2
Necromancy     | 2 |  2.3

Action                     |  1- 3 |  4- 6 |  7- 9 | 10-12 || total
---------------------------+-------+-------+-------+-------++-------
  Melee: Dagger            |    27 |       |       |     2 ||    29
         Rapier            |       |     1 |     6 |     8 ||    15
  Throw: Dart              |     1 |     7 |     2 |    28 ||    38
         Boomerang         |       |       |     2 |       ||     2
         Throwing net      |       |       |       |     1 ||     1
   Cast: Sandblast         |    57 |    72 |   136 |   104 ||   369
         Stone Arrow       |       |       |    43 |    99 ||   142
         Brom's Barrelling |       |       |     2 |     2 ||     4
         Borgnjor's Vile C |       |       |       |     2 ||     2
  Evoke: Wand              |       |       |     5 |     4 ||     9
    Use: Scroll            |       |    10 |     2 |     6 ||    18
         Potion            |       |       |       |     2 ||     2
   Stab: Sleeping          |     1 |       |       |       ||     1
 Armour: Robe              |    19 |    36 |    63 |       ||   118
         Ring mail         |       |       |    23 |    95 ||   118
         Acid dragon scale |       |       |       |    28 ||    28
  Dodge: Dodged            |    23 |    45 |    47 |    82 ||   197

Table legend: (Time is in decaauts)
 A = Elapsed time spent in this place.
 B = Non-inter-level travel time spent in this place.
 C = Inter-level travel time spent in this place.
 D = Time resting spent in this place.
 E = Time spent auto-exploring this place.
 F = Levels seen in this place.
 G = Mean time per level.
                   A        B        C        D        E       F      G
               +--------+--------+--------+--------+--------+-----+--------+
         Total |  14173 |  13680 |    493 |   1907 |   9690 |  12 | 1181.1 |
       Dungeon |  14173 |  13680 |    493 |   1907 |   9690 |  12 | 1181.1 |
               +--------+--------+--------+--------+--------+-----+--------+

Top non-repeatable levels by time:
     D:9: 1648 daAuts
     D:8: 1634 daAuts
     D:4: 1465 daAuts
    D:10: 1439 daAuts
    D:11: 1328 daAuts
     D:5: 1320 daAuts
     D:1: 1221 daAuts
     D:6: 1022 daAuts
     D:2: 1007 daAuts
     D:7: 980 daAuts
     D:3: 901 daAuts
    D:12: 203 daAuts
